 Dungeon Crawl Stone Soup version 0.25-a0-38-g099c3e1 (webtiles) character file.

Game seed: 12344658856932282485, levelgen mode: deterministic

256 vhaine the Slasher (level 6, -4/52 HPs)
             Began as a Naga Warper on Oct 21, 2019.
             Killed by divine providence
             ... invoked by an orc priest
              (8 damage)
             ... on level 5 of the Dungeon.
             The game lasted 00:12:30 (4901 turns).

vhaine the Slasher (Naga Warper)                    Turns: 4901, Time: 00:12:31

Health: -4/52      AC:  4    Str: 13    XL:     6   Next: 16%
Magic:  9/9        EV:  9    Int: 20    God:
Gold:   167        SH:  0    Dex: 11    Spells: 7/9 levels left

rFire    . . .     SeeInvis +   a - +0 falchion
rCold    . . .     Gourm    .   (no shield)
rNeg     . . .     Faith    .   b - +0 leather armour
rPois    +         Spirit   .   (no helmet)
rElec    .         Reflect  .   v - +0 cloak
rCorr    .         Harm     .   (no gloves)
MR       .....                  (no barding)
Stlth    +.........             (no amulet)
HPRegen  0.17/turn              t - +5 ring of intelligence
MPRegen  0.11/turn              (no ring)

@: short of breath, very slow
A: large, see invisible, deformed body, poison resistance, slowness 2, slow
metabolism 1, spit poison 1, AC +2
a: Spit Poison


You were on level 5 of the Dungeon.
You were near starving.

You visited 1 branch of the dungeon, and saw 5 of its levels.

You collected 167 gold pieces.

Inventory:

Hand Weapons
 a - a +0 falchion (weapon)
 A - a +2 short sword of holy wrath
Missiles
 e - 4 boomerangs of dispersal
 g - 11 poisoned darts (quivered)
 y - 3 boomerangs
Armour
 b - a +0 leather armour (worn)
 v - a +0 cloak (worn)
Jewellery
 t - a +5 ring of intelligence (left hand)
Wands
 z - a wand of paralysis (6)
Scrolls
 d - 2 scrolls of blinking
 h - a scroll of teleportation {unknown}
 k - a scroll of amnesia {unknown}
 o - 2 scrolls of random uselessness
 p - a scroll of noise {unknown}
 s - 2 scrolls of identify
 w - a scroll of enchant weapon {unknown}
 x - a scroll of remove curse {unknown}
Potions
 c - 2 potions of flight {unknown}
 i - a potion of lignification {unknown}
 j - a potion of berserk rage {unknown}
 l - a potion of haste {unknown}
 m - a potion of curing {unknown}
 q - a potion of might {unknown}
 r - a potion of ambrosia {unknown}
 u - a potion of magic {unknown}
Comestibles
 f - 6 rations


   Skills:
 - Level 2.0 Fighting
 * Level 5.4 Long Blades
 - Level 0.8 Throwing
 - Level 0.7 Armour
 - Level 1.5 Dodging
 - Level 2.0 Spellcasting
 + Level 4.3 Translocations


You had 7 spell levels left.
You knew the following spells:

 Your Spells              Type           Power        Failure   Level  Hunger
a - Blink                 Tloc           N/A          4%          2    ##.....

Your spell library contained the following spells:

 Spells                   Type           Power        Failure   Level  Hunger
 Gell's Gravitas          Tloc           ###.......   10%         3    ###....
 Lesser Beckoning         Tloc           ###.......   10%         3    ###....
 Teleport Other           Tloc           ###.....     10%         3    ###....
 Shroud of Golubria       Chrm/Tloc      ##....       12%         2    ##.....
 Passage of Golubria      Tloc           N/A          32%         4    #####..


Dungeon Overview and Level Annotations

Branches:
Dungeon (5/15)
 Temple: D:4-7

Altars:
Hepliaklqana
Nemelex Xobeh
Sif Muna

Annotations:
D:4 Edmund, Menkaure


Innate Abilities, Weirdness & Mutations

You cannot wear boots.
Your serpentine skin is tough. (AC +2)
You have supernaturally acute eyesight. (SInv)
Armour fits poorly on your strangely shaped body.
Your system is resistant to poisons. (rPois)
You cover ground very slowly.
You have a slow metabolism.
You can spit poison.


Message History

You hit the giant cockroach.
The giant cockroach is severely wounded.
The giant cockroach bites you but does no damage. x2
The sky beast hits you. The sky beast shocks you.
* * * LOW HITPOINT WARNING * * *
You hit the giant cockroach.
You kill the giant cockroach!
The sky beast hits you but does no damage.
Press: ? - help, Shift-Dir - straight line, f - sky beast
Aim: a sky beast The splash of poison hits the sky beast.
The sky beast is poisoned.
The sky beast is lightly wounded.
You feel slightly more hungry. The sky beast hits you.
* * * LOW HITPOINT WARNING * * *
The sky beast shocks you.
* * * LOW HITPOINT WARNING * * *
The orc priest invokes the aid of Beogh against you.
Beogh smites you!
You die...

... ###.....#
!..##.#.....
..........
#.......
####......
.........#
.....###o# .##
.......#.#....#
#..@Y.#
#..()......
#.......#.#
#....##..#
......# ..#
.......# ...#
........# .....
#......(. ...


You could see a sky beast and an orc priest.

Vanquished Creatures
  A bullfrog (D:3)
  An orc wizard (D:5)
  8 adders
  3 oozes
  A worm (D:2)
  4 dart slugs
  4 orcs
  5 bats
  2 giant cockroaches
  7 goblins
  7 hobgoblins
  3 jackals (D:2)
  3 quokkas
  A ball python (D:1)
  11 frilled lizards
  6 kobolds
  5 rats
72 creatures vanquished.

Notes
Turn   | Place    | Note
-------+----------+-------------------------------------------
     0 | D:1      | vhaine the Naga Warper began the quest for the Orb.
     0 | D:1      | Reached XP level 1. HP: 19/19 MP: 3/3
   214 | D:1      | Reached XP level 2. HP: 26/26 MP: 5/5
   250 | D:1      | Learned a level 2 spell: Blink
   424 | D:1      | Reached skill level 3 in Long Blades
   815 | D:1      | Reached XP level 3. HP: 24/32 MP: 6/6
  2044 | D:2      | Found a hazy altar of Hepliaklqana.
  2076 | D:2      | Reached XP level 4. HP: 34/39 MP: 7/7
  2337 | D:2      | Reached skill level 4 in Long Blades
  3097 | D:3      | Noticed a bullfrog
  3111 | D:3      | Killed a bullfrog
  3111 | D:3      | Reached XP level 5. HP: 18/45 MP: 8/8
  3603 | D:3      | Reached skill level 5 in Long Blades
  4311 | D:3      | Found a sparkling altar of Nemelex Xobeh.
  4314 | D:3      | Reached XP level 6. HP: 52/52 MP: 9/9
  4730 | D:4      | Noticed Edmund
  4759 | D:4      | Found a shimmering blue altar of Sif Muna.
  4780 | D:4      | Noticed Menkaure
  4782 | D:4      | Found a sparkling altar of Nemelex Xobeh.
  4807 | D:4      | Noticed a phantom
  4843 | D:5      | Entered Level 5 of the Dungeon
  4896 | D:5      | Noticed a sky beast
  4901 | D:5      | Killed from afar by an orc priest

Levels and vault maps discovered:
D:1:      minmay_arrival_nine_rooms, layout_basic
D:2:      layout_rooms, nicolae_overflow_crystal_walls
D:3:      layout_basic, first_ration, kennysheep_pointless_box,
          nemelex_dance_club_becter
D:4:      layout_rooms, lemuel_doored_altar, nemelex_diamond_rough_becter,
          uniq_menkaure, uniq_edmund
D:5:      layout_cave_pools, lemuel_zombie_altar_yredelemnul, minmay_manual_maat

Skill      XL: |  1  2  3  4  5 |
---------------+----------------+-----
Long Blades    | 3 4 5 |  5.4
Translocations | 4 |  4.3
Fighting       | |  2.0
Throwing       | |  0.8
Armour         | |  0.7
Dodging        | |  1.5
Spellcasting   | |  2.0

Action                   |  1- 3 |  4- 6 || total
-------------------------+-------+-------++-------
Melee: Falchion          |    54 |    69 ||   123
Throw: Dart              |    31 |    43 ||    74
       Boomerang         |     1 |       ||     1
 Cast: Blink             |       |    12 ||    12
 Abil: Spit Poison       |    18 |    48 ||    66
Evoke: Wand              |       |     1 ||     1
  Use: Potion            |     1 |     1 ||     2
       Scroll            |       |     1 ||     1
  Eat: Chunk             |     3 |     9 ||    12
Armor: Leather armour    |    19 |    34 ||    53
Dodge: Dodged            |    45 |    73 ||   118
       Rpst.: Falchion   |    15 |    22 ||    37

Table legend:
 A = Non-vault XP
 B = Vault XP
 C = Vault XP percentage of total XP
 D = Non-vault monster count
 E = Vault monster count
 F = Vault count percentage of total count
                 A         B        C        D         E       F
            +---------+---------+-------+---------+---------+-------
      Total |     357 |      10 |   2.7 |      70 |       2 |   2.8
            +---------+---------+-------+---------+---------+-------
        D:1 |      41 |       0 |   0.0 |      21 |       0 |   0.0
        D:2 |     112 |       0 |   0.0 |      27 |       0 |   0.0
        D:3 |     158 |      10 |   6.0 |      18 |       2 |  10.0
        D:4 |       3 |       0 |   0.0 |       1 |       0 |   0.0
        D:5 |      43 |       0 |   0.0 |       3 |       0 |   0.0
            +---------+---------+-------+---------+---------+-------
